 Dungeon Crawl Stone Soup version 0.17-a0-2064-g265a032 (webtiles) character file.

20380 Bubnilka the Cleaver (level 13, -9/102 HPs)
             Began as a Formicid Fighter on Oct 13, 2015.
             Was an Elder of Qazlal.
             Killed from afar by an ice statue (13 damage)
             ... with a shard of ice
             ... in an ice cave.
             The game lasted 00:55:48 (13116 turns).

Bubnilka the Cleaver (Formicid Fighter)            Turns: 13116, Time: 00:55:49

Health: -9/102     AC: 14    Str: 28    XL:     13   Next: 11%
Magic:  14/20      EV:  9    Int:  8    God:    Qazlal [****..]
Gold:   838        SH: 18    Dex: 10    Spells: 0 memorised, 12 levels left

rFire  + . .     SeeInvis +     b - +6 hand axe
rCold  . . .     Clarity  .     E - +3 chain mail {rPois}
rNeg   + . .     SustAt   .     c - +0 shield
rPois  +         Gourm    .     (helmet unavailable)
rElec  .         Spirit   .     (no cloak)
rCorr  .         Warding  .     (no gloves)
rMut   .         Stasis   +     (no boots)
MR     ++...                    g - amulet of Uqauklua {Faith *Contam rN+ Str+2}
Stlth  ..........               F - ring of protection from magic
                                A - ring of protection from fire

@: repel missiles, very resistant to hostile enchantments, extremely unstealthy
A: permanent stasis, dig shafts and tunnels, four strong arms, antennae 3
a: Dig, Shaft Self, Upheaval, Elemental Force, Renounce Religion


You were in an ice cave.
You worshipped Qazlal.
Qazlal was greatly pleased with you.
You were hungry.

You visited 2 branches of the dungeon, and saw 13 of its levels.
You also visited: Sewer and Ice Cave.

You collected 838 gold pieces.

Inventory:

Hand Weapons
 a - a +0 war axe
 b - a +6 hand axe (weapon)
Armour
 c - a +0 shield (worn)
 l - a +0 hat
 s - a +0 plate armour
 E - a +3 chain mail of poison resistance (worn)
Jewellery
 g - the amulet of Uqauklua (around neck) {Faith *Contam rN+ Str+2}
   (You found it on level 10 of the Dungeon)

   [amulet of faith]

   It allows you to gain divine favour quickly.
   It affects your strength (+2).
   It protects you from negative energy.
   It causes magical contamination when unequipped.
 n - a +4 ring of dexterity
 A - a ring of protection from fire (left hand)
 F - a ring of protection from magic (right hand)
Wands
 d - a wand of random effects (32)
 o - a wand of frost (36)
 p - a wand of lightning (7)
 q - a wand of confusion (43)
 z - a wand of slowing (29)
 H - a wand of digging (13)
 K - a wand of digging (14)
Scrolls
 f - a scroll of remove curse
 u - 2 scrolls of magic mapping
 v - 2 scrolls of fog
 y - 2 scrolls of identify
 C - a scroll of fear
 G - 2 scrolls of enchant armour
 J - a scroll of immolation {unknown}
Potions
 j - 2 potions of curing
 r - 4 potions of brilliance
 B - a potion of flight
 D - a potion of resistance
 I - a potion of poison
Books
 i - a book of Geomancy

   Spells                             Type                      Level
   a - Sandblast                      Earth                        1
   b - Stoneskin                      Transmutation/Earth          2
   c - Passwall                       Transmutation/Earth          3
   d - Stone Arrow                    Conjuration/Earth            3
   e - Petrify                        Transmutation/Earth          4
   f - Lee's Rapid Deconstruction     Earth                        5
 t - the Compendium of Unholy Rites
   (You found it on level 4 of the Dungeon)

   Spells                             Type                      Level
   a - Corpse Rot                     Necromancy                   2
   b - Sublimation of Blood           Necromancy                   2
   c - Control Undead                 Necromancy                   4
   d - Bolt of Draining               Conjuration/Necromancy       5
 x - a book of the Warp

   Spells                             Type                      Level
   a - Recall                         Summoning/Translocation      3
   b - Gell's Gravitas                Hexes/Translocation          3
   c - Force Lance                    Conjuration/Translocation    4
   d - Phase Shift                    Translocation                5
   e - Warp Weapon                    Charms/Translocation         5
   f - Summon Forest                  Summoning/Translocation      5
Comestibles
 e - 8 bread rations
 h - 10 slices of pizza
 k - 2 beef jerkies
 m - 5 meat rations
 w - 3 royal jellies


   Skills:
 + Level 9.7 Fighting
 + Level 12.6 Axes
 + Level 9.7 Armour
 + Level 10.6 Shields
 + Level 9.9 Invocations


You had 12 spell levels left.
You didn't know any spells.

Dungeon Overview and Level Annotations

Branches:
Dungeon (10/15)            Temple (0/1) D:7            Lair (3/8) D:10
  Swamp: Lair:3-6    Shoals: Lair:3-6     Snake: Lair:3-6    Spider: Lair:3-6
    Orc: D:9-12

Altars:
Ashenzari
Cheibriados
Dithmenos
Elyvilon
Gozag
Nemelex Xobeh
Okawaru
Qazlal
Sif Muna
Trog
Xom
Yredelemnul
The Shining One
Beogh

Annotations:
IceCv exclusion: 3 ice statues


Innate Abilities, Weirdness & Mutations

You are under a permanent stasis effect.
You can dig through walls and to a lower floor.
Your four strong arms can wield two-handed weapons with a shield.
You have a pair of large antennae on your head (SInv).


Message History

The ice statue is lightly damaged.
You are engulfed in freezing vapours.
You hit the ice statue but do no damage.
The ice statue is lightly damaged.
You are engulfed in freezing vapours.
* * * LOW HITPOINT WARNING * * *
You hit the ice statue.
The ice statue is lightly damaged.
You are engulfed in freezing vapours.
* * * LOW HITPOINT WARNING * * *
The ice statue glitters chillingly in the dim dungeon light.
The ice statue throws cold at you. The freezing blast engulfs you!
* * * LOW HITPOINT WARNING * * *
Drink which item? (? for menu, Esc to quit)
You feel better.
You are engulfed in freezing vapours.
* * * LOW HITPOINT WARNING * * *
The ice statue throws ice at you. The shard of ice hits you!
You die...

###### #############
.....## ##.....#8....##
......###......#......##
.......#.....§.#.......#
.......#....§..#.......#
.∩..∩..........§§§.....8
.......#.......#§§§....#
.......#.......#§§§§...#
......###.....§#@§§...##
.....## ##.....#8§§§.##
###### #############


You could see 3 ice statues.

Vanquished Creatures
  Gastronok (Lair:1)
  A catoblepas (Lair:3)
  The ghost of Ebilmort the Arsonist, a novice OpFE of Vehumet (D:8)
  A hill giant (D:9)
  4 spiny frogs
  Grinder (D:3)
  Prince Ribbit (Lair:1)
  3 blink frogs (Lair:1)
  A wyvern (D:8)
  Eustachio (D:4)
  4 hippogriffs
  A human (D:7)
  25 yaks
  2 vampire mosquitoes (Lair:3)
  3 basilisks (D:10)
  2 hungry ghosts (D:9)
  Edmund (D:6)
  3 insubstantial wisps (Lair:3)
  5 orc warriors
  3 water moccasins
  2 phantoms (D:7)
  5 sky beasts
  7 ice beasts
  2 necrophages
  6 wolves (Lair:2)
  10 porcupines
  3 black bears
  2 centaurs
  6 big kobolds
  11 ogres
  10 crocodiles
  Blork the orc (D:5)
  12 giant frogs
  2 scorpions
  3 electric eels
  4 hounds
  3 wights (D:7)
  A crimson imp (D:10)
  A quasit (D:9)
  A giant frog zombie (D:9)
  2 centaur skeletons
  11 iguanas
  2 orc priests (D:6)
  9 orc wizards
  3 worker ants
  3 giant frog skeletons
  4 sheep (D:7)
  A worker ant zombie (D:9)
  15 river rats
  19 adders
  3 gnolls (D:7)
  3 shadow imps
  3 oozes (Sewer)
  5 worms
  53 orcs
  7 ball pythons
  12 bats
  8 giant cockroaches
  12 goblins
  3 hobgoblins
  2 jackals (D:6)
  20 kobolds
  6 quokkas
  3 giant geckos
  A giant gecko skeleton (D:5)
  A giant gecko zombie (D:5)
  6 giant newts
  12 rats
  9 fungi
  3 plants
397 creatures vanquished.

Vanquished Creatures (others)
  A giant frog (Lair:1)
  A river rat (Lair:3)
  A bush (D:10)
  2 fungi
  5 plants (D:10)
10 creatures vanquished.

Grand Total: 407 creatures vanquished

Notes
Turn   | Place    | Note
--------------------------------------------------------------
     0 | D:1      | Bubnilka the Formicid Fighter began the quest for the Orb.
     0 | D:1      | Reached XP level 1. HP: 18/18 MP: 1/1
    71 | D:1      | Reached XP level 2. HP: 2/24 MP: 2/2
   836 | D:1      | Reached XP level 3. HP: 29/29 MP: 3/3
  1351 | D:2      | Reached skill level 4 in Axes
  1351 | D:2      | Reached XP level 4. HP: 32/35 MP: 4/4
  1639 | D:2      | Found a basalt altar of Yredelemnul.
  1744 | D:3      | Noticed an ogre
  1750 | D:3      | Killed an ogre
  1750 | D:3      | Reached skill level 5 in Axes
  1750 | D:3      | Reached XP level 5. HP: 41/41 MP: 5/5
  1883 | D:3      | Noticed Grinder
  1894 | D:3      | Killed Grinder
  1894 | D:3      | Reached skill level 6 in Axes
  1894 | D:3      | Reached XP level 6. HP: 33/47 MP: 6/6
  2013 | D:3      | Found a glowing drain.
  2020 | Sewer    | Entered a sewer
  2054 | Sewer    | Reached skill level 7 in Axes
  2054 | Sewer    | Reached XP level 7. HP: 42/52 MP: 7/7
  2469 | Sewer    | Reached skill level 8 in Axes
  2679 | Sewer    | Reached XP level 8. HP: 52/58 MP: 8/8
  3226 | D:3      | Found an opulent altar of Gozag.
  3468 | D:4      | Identified the Compendium of Unholy Rites
  3560 | D:4      | Reached skill level 9 in Axes
  3598 | D:4      | Noticed Eustachio
  3606 | D:4      | Killed Eustachio
  3930 | D:4      | Found a white marble altar of Elyvilon.
  3931 | D:4      | Found a shimmering altar of Xom.
  3932 | D:4      | Found a stormy altar of Qazlal.
  3932 | D:4      | Found a deep blue altar of Sif Muna.
  3944 | D:4      | Found an iron altar of Okawaru.
  3945 | D:4      | Found a bloodstained altar of Trog.
  3952 | D:4      | Became a worshipper of Qazlal Stormbringer
  4022 | D:4      | Reached skill level 10 in Axes
  4122 | D:5      | Entered Level 5 of the Dungeon
  4227 | D:5      | Noticed Blork the orc
  4237 | D:5      | Killed Blork the orc
  4237 | D:5      | Reached skill level 1 in Invocations
  4408 | D:5      | Reached XP level 9. HP: 40/64 MP: 8/10
  4436 | D:5      | Found a glowing golden altar of the Shining One.
  4509 | D:5      | Found a shadowy altar of Dithmenos.
  4953 | D:6      | Reached skill level 5 in Shields
  5379 | D:6      | Noticed Edmund
  5402 | D:6      | Killed Edmund
  5420 | D:6      | Found a deep blue altar of Sif Muna.
  5601 | D:6      | Reached * piety under Qazlal
  5662 | D:6      | Reached skill level 5 in Fighting
  5957 | D:7      | Reached skill level 5 in Armour
  6023 | D:7      | Reached XP level 10. HP: 45/74 MP: 13/13
  6545 | D:7      | Reached skill level 5 in Invocations
  6982 | D:7      | Reached ** piety under Qazlal
  7007 | D:7      | Found a staircase to the Ecumenical Temple.
  7329 | D:8      | Found a snail-covered altar of Cheibriados.
  7358 | D:8      | Noticed Ebilmort's ghost (novice OpFE)
  7371 | D:8      | Killed Ebilmort's ghost
  7371 | D:8      | Reached skill level 11 in Axes
  7392 | D:8      | Found a shattered altar of Ashenzari.
  8394 | D:9      | Reached XP level 11. HP: 68/83 MP: 15/15
  8447 | D:9      | Found a sparkling altar of Nemelex Xobeh.
  8464 | D:9      | Reached *** piety under Qazlal
  8752 | D:9      | Noticed a hill giant
  8770 | D:9      | Killed a hill giant
  9183 | D:9      | Found a roughly hewn altar of Beogh.
  9786 | D:10     | Entered Level 10 of the Dungeon
  9930 | D:10     | Reached **** piety under Qazlal
 10113 | D:10     | Reached XP level 12. HP: 27/94 MP: 15/18
 10124 | D:10     | Found a staircase to the Lair.
 10633 | D:10     | Got a bound zirconium amulet
 10685 | D:10     | Identified the amulet of Uqauklua {Faith *Contam rN+ Str+2} (You found it on level 10 of the Dungeon)
 10813 | Lair:1   | Entered Level 1 of the Lair of Beasts
 10846 | Lair:1   | Reached skill level 12 in Axes
 10871 | Lair:1   | Noticed Prince Ribbit
 10904 | Lair:1   | Killed Prince Ribbit
 11323 | Lair:1   | Noticed Gastronok
 11355 | Lair:1   | Killed Gastronok
 11712 | Lair:2   | Reached skill level 10 in Shields
 11932 | Lair:2   | Reached ***** piety under Qazlal
 12937 | Lair:3   | Noticed a catoblepas
 12959 | Lair:3   | Killed a catoblepas
 13011 | Lair:3   | Reached XP level 13. HP: 44/101 MP: 20/20
 13063 | Lair:3   | Found a frozen archway.
 13069 | IceCv    | Entered an ice cave
 13116 | IceCv    | HP: 4/102 [ice statue] (10)]
 13116 | IceCv    | Killed from afar by an ice statue

Vault maps used:
D:1:      dpeg_arrival_subterranean_lakeside_camping
D:2:      nicolae_overflow_crystal_walls
D:3:      grunt_gozag_breadcrumbs, lightli_sewer_entry_pipes, uniq_grinder
D:4:      black_bear_nest_2, minitemple, grunt_decor_resistance, uniq_eustachio
D:5:      lemuel_doored_altar, nicolae_dithmenos_shadow_blocks, first_bread,
          uniq_blork_the_orc
D:6:      basic_altar, water_maze_lemuel, uniq_edmund
D:7:      statuecave_lemuel, temple_green, minmay_misc_feat_columns,
          grunt_livestock
D:8:      overflow_temple_1_default, ashenzari_conservatory_becter,
          minmay_misc_feat_rugged, serial_park_tiny_pond
D:9:      special_room, minmay_misc_feat_hallway,
          nemelex_xobeh_ov_fountains_minmay
D:10:     minmay_lair_entry_grove
Lair:1:   lemuel_old_faithful, uniq_gastronok, uniq_prince_ribbit2
Lair:2:   nicolae_lair_grove_arrangements
Lair:3:   portal_ice_cave_entry_pillars_03, lab_entry_generic, st_stairs_10,
          pond
Sewer:    sewer_co_tree
IceCv:    ice_cave_statue_garden_02

Action                   |  1- 3 |  4- 6 |  7- 9 | 10-12 | 13-15 || total
-------------------------+-------+-------+-------+-------+-------++-------
Melee: War axe           |   107 |    71 |   451 |       |       ||   629
       Hand axe          |       |       |    65 |  1078 |    31 ||  1174
Invok: Upheaval          |       |       |       |     3 |     4 ||     7
Evoke: Wand              |       |       |       |     1 |       ||     1
  Use: Scroll            |     2 |       |     4 |    14 |       ||    20
       Potion            |       |     1 |     6 |    13 |     1 ||    21
  Eat: Chunk             |     1 |     3 |     9 |    15 |       ||    28
       Meat ration       |       |       |     1 |     1 |       ||     2
       Fruit             |       |       |       |     7 |       ||     7
       Beef jerky        |       |       |       |     1 |       ||     1
